 Dungeon Crawl Stone Soup version 0.29-a0-275-g389c0b56f3 (webtiles) character file.

Game seed: 16451976654484100050

4756 Ajdolov the Martial Artist (level 10, -2/69 HPs)
             Began as an Octopode Transmuter on Mar 10, 2022.
             Killed from afar by Erica (14 damage)
             ... with an iceblast
             ... on level 8 of the Dungeon.
             The game lasted 00:22:06 (12270 turns).

Ajdolov the Martial Artist (Octopode Transmuter)   Turns: 12270, Time: 00:22:06

Health: -2/69      AC:  3    Str: 16    XL:     10   Next: 46%
Magic:  23/24      EV: 20    Int: 21    God:
Gold:   303        SH:  0    Dex: 19    Spells: 8/16 levels left

rFire   . . .      SeeInvis .     - Unarmed
rCold   . . .      Faith    .   (shield currently unavailable)
rNeg    + . .      Spirit   .   (helmet currently unavailable)
rPois   x          Reflect  .   (no amulet)
rElec   .          Harm     .   d - +6 ring of strength
rCorr   .          Rampage  .   r - ring of positive energy
Will    .....                   B - ring of the Octopus King {MP+9 AC+1 EV+1 Str+1 Int+1 Dex+1}
Stlth   +++.......              (no ring)
HPRegen 0.21/turn               (no ring)
MPRegen 0.19/turn               (no ring)
                                (no ring)
                                (no ring)

@: spider-form, on berserk cooldown, slowed, very slow
A: venomous fangs, almost no armour, (amphibious), 8 rings, tiny, (camouflage
1), (gelatinous body 1), (nimble swimmer 1), (tentacles)
a: End Transformation


You were on level 8 of the Dungeon.
You were a venomous arachnid creature.
You visited 2 branches of the dungeon, and saw 10 of its levels.
You also visited: Sewer.

You collected 400 gold pieces.
You spent 97 gold pieces at shops.

Inventory:

Hand Weapons
 k - a +2 short sword of electrocution
Missiles
 F - a throwing net
Jewellery
 d - a +6 ring of strength (left front leg)
 r - a ring of positive energy (right front leg)
 B - a ring of the Octopus King (on tentacle) {MP+9 AC+1 EV+1 Str+1 Int+1 Dex+1}
   (You found it on level 6 of the Dungeon)

   [ring of magical power]

   AC:        It affects your AC (+1).
   EV:        It affects your evasion (+1).
   Str:       It affects your strength (+1).
   Int:       It affects your intelligence (+1).
   Dex:       It affects your dexterity (+1).
   MP:        It affects your magic capacity (+9).
Wands
 m - a wand of flame (11)
 q - a wand of polymorph (10)
Scrolls
 b - a scroll of silence
 c - a scroll of blinking {unknown}
 e - 2 scrolls of holy word
 i - 3 scrolls of amnesia
 j - 3 scrolls of noise
 p - 2 scrolls of fog
 s - 3 scrolls of teleportation
 t - 3 scrolls of immolation
 u - 3 scrolls of vulnerability
 v - 2 scrolls of magic mapping
 w - 2 scrolls of fear
 y - a scroll of brand weapon
 z - a scroll of enchant weapon
 E - a scroll of identify
Potions
 a - a potion of lignification
 f - a potion of brilliance {unknown}
 g - a potion of ambrosia {unknown}
 h - a potion of magic
 l - 5 potions of mutation
 n - a potion of might
 o - a potion of resistance
 A - a potion of attraction {unknown}
 C - a potion of cancellation {unknown}
 D - 3 potions of heal wounds


   Skills:
 + Level 6.7 Fighting
 - Level 2.0 Dodging
 - Level 4.0 Stealth
 * Level 8.2 Unarmed Combat
 + Level 3.6 Spellcasting
 + Level 7.9 Transmutations
 - Level 6.6 Ice Magic


You had 8 spell levels left.
You knew the following spells:

 Your Spells              Type           Power      Damage    Failure   Level
a - Beastly Appendage     Tmut           74%        N/A       3%          1
b - Spider Form           Tmut/Pois      20%        N/A       21%         3
c - Ice Form              Ice/Tmut       34%        N/A       17%         4

Your spell library contained the following spells:

 Spells                   Type           Power      Damage    Failure   Level
 Wereblood                Tmut           37%        N/A       4%          2
 Scorch                   Fire           6%         2d5       38%         2
 Static Discharge         Conj/Air       3%         N/A       38%         2
 Dispel Undead            Necr           3%         3d7       90%         4
 Flame Wave               Conj/Fire      3%         2d4       90%         4
 Sticky Flame             Conj/Fire      3%         2d3       90%         4
 Summon Cactus Giant      Summ           1%         N/A       100%        6


Dungeon Overview and Level Annotations

Branches:
Dungeon (9/15)             Temple (1/1) D:7           Sewer (visited)
   Lair: D:8-11         Orc: D:9-12

Altars:
Ashenzari
Cheibriados
Dithmenos
Elyvilon
Gozag
Kikubaaqudgha
Makhleb
Nemelex Xobeh
Okawaru
Qazlal
Ru
Uskayaw
Vehumet
Wu Jian
Xom
Zin
The Shining One

Shops:
D:4 =   D:6 :!?[(   D:7 ::

Annotations:
D:8 Erica


Innate Abilities, Weirdness & Mutations

You are a venomous arachnid creature.
You have poisonous fangs.
You are tiny and dextrous.
Your spellcasting is less reliable in this form.
Your armour is entirely melded.
You are incapable of wielding weapons or throwing items.
You cannot wear most types of armour.
((You are amphibious.))
You can wear up to eight rings at the same time.
((Your skin changes colour to match your surroundings (Stealth+).))
((Your rubbery body absorbs attacks. (AC +1, EV +1)))
((You are camouflaged when in or above water. (Stealth+)))
((You have tentacles for arms and can constrict up to eight enemies at once.))


Message History

You start resting.
Your transformation is almost over.
Your transformation has ended.
Casting: Spider Form (dangerous; 8% risk of failure)
Confirm with . or Enter, or press ? or * to list all spells.
You turn into a venomous arachnid creature.
You climb upwards.
Level annotation: Erica Erica points at you and mumbles some strange words.
The bolt of poison misses you.
Erica says, "Fast and perfect.
Such is my way of killing."
Erica zaps a wand.
The mass of ice explodes!
The iceblast engulfs you!!
There is a stone staircase leading down here.
Erica hits you with a +3 scimitar of flaming!
Erica burns you.
Erica hits you with a +3 scimitar of flaming.
Erica burns you.
You barely miss Erica.
Erica hits you with a +3 scimitar of flaming!
* * * LOW HITPOINT WARNING * * *
Erica burns you.
* * * LOW HITPOINT WARNING * * *
Unknown command.
You bite Erica!
Erica looks as sick as possible!
Erica is lightly wounded.
Erica closely misses you.
You hit Erica but do no damage.
Erica looks as sick as possible!
Erica is moderately wounded.
Erica gestures wildly while chanting.
Erica flickers and vanishes!
Deactivating autopickup; reactivate with Ctrl-A.
You barely miss something.
You hear some strange, mumbled words.
You feel as though you will be slow longer.
Something barely misses you.
You closely miss something.
You hear a zap.
An iceblast appears from out of thin air!
The mass of ice explodes!
The iceblast engulfs you!
You die...

.#.# ..### #.#.# #..#
#.#.. ..$.> #..# #.#.#
#... #<.# #.#.# #..#
#.†# #.#.# #..# #.)#
#.#[####..#
#..#####).....#..# #..#
#.......)......)>###..##
#.########.##...s......#
#.# #.#####{###...## #.#
#.# #.# #.... #.
#.#####.###..### ##
........##.....#
#.....$....@..$#
##########.........
#.....#### #.....#


There were no monsters in sight!

Vanquished Creatures
  An ugly thing (D:7)
  Psyche (D:9)
  2 kobold demonologists (D:7)
  3 yaks
  A wyvern (D:7)
  An acid dragon (D:8)
  2 water moccasins
  An orc warrior (D:6)
  3 black bears
  2 ogres
  A centaur (D:7)
  4 phantoms
  2 kobold brigands (D:7)
  A bullfrog (D:6)
  A gnoll sergeant (D:7)
  A necrophage (D:4)
  2 scorpions (D:5)
  7 wights
  5 jellies
  3 hounds
  2 gnoll shamans (D:7)
  2 iguanas
  6 orc wizards
  9 adders
  15 gnolls
  4 river rats
  2 shadow imps
  2 white imps
  3 ufetubi
  A worm (D:4)
  2 dart slugs
  25 orcs
  15 endoplasms
  5 giant cockroaches
  9 goblins
  5 hobgoblins
  4 jackals
  18 kobolds
  A quokka (D:1)
  17 ball pythons
  6 bats
  7 frilled lizards
  5 rats
209 creatures vanquished.

Vanquished Creatures (others)
  13 plants (D:4)
13 creatures vanquished.

Grand Total: 222 creatures vanquished

Notes
Turn   | Place    | Note
-------+----------+-------------------------------------------
     0 | D:1      | Ajdolov the Octopode Transmuter began the quest for the
                  | Orb.
     0 | D:1      | Reached XP level 1. HP: 13/13 MP: 3/3
    52 | D:1      | Reached skill level 1 in Stealth
   354 | D:1      | Reached XP level 2. HP: 9/18 MP: 5/5
   780 | D:1      | Found a faded altar of an unknown god.
  1015 | D:1      | Reached XP level 3. HP: 14/23 MP: 6/6
  1139 | D:1      | Learned a level 3 spell: Spider Form
  1919 | D:3      | Found a glowing drain.
  1927 | D:3      | Reached XP level 4. HP: 27/29 MP: 7/7
  1953 | Sewer    | Entered a sewer
  2419 | Sewer    | Reached skill level 4 in Unarmed Combat
  2419 | Sewer    | Reached XP level 5. HP: 33/35 MP: 8/8
  2567 | Sewer    | Found a viscous altar of Jiyva.
  2842 | D:3      | Learned a level 4 spell: Ice Form
  2992 | D:3      | Reached XP level 6. HP: 42/42 MP: 6/9
  3056 | D:3      | Reached skill level 1 in Ice Magic
  4218 | D:4      | You fall into a shaft and drop 2 floors!
  4241 | D:5      | Entered Level 5 of the Dungeon
  4281 | D:4      | Reached XP level 7. HP: 41/47 MP: 10/10
  4342 | D:4      | HP: 2/47 [acid (8)]
  4755 | D:4      | Found a radiant altar of Vehumet.
  5066 | D:4      | Found Xuleg's Jewellery Boutique.
  5102 | D:4      | Noticed a yak
  5236 | D:4      | Noticed a yak
  5291 | D:4      | Reached skill level 5 in Unarmed Combat
  5675 | D:4      | Noticed a yak
  5798 | D:4      | Noticed a yak
  5802 | D:4      | Noticed a yak
  5813 | D:4      | Noticed a yak
  5851 | D:4      | Killed a yak
  5967 | D:3      | Killed a yak
  5968 | D:3      | Reached XP level 8. HP: 51/54 MP: 6/11
  6042 | D:3      | Killed a yak
  6543 | D:4      | Reached skill level 5 in Transmutations
  7062 | D:5      | Reached skill level 5 in Ice Magic
  7334 | D:5      | Found a sparkling altar of Nemelex Xobeh.
  7635 | D:6      | Found Xoqocwoh's Distillery.
  7640 | D:6      | Bought a potion of degeneration for 13 gold pieces
  7664 | D:6      | Reached skill level 5 in Fighting
  7704 | D:6      | Found Plog's Antique Weapon Boutique.
  7719 | D:6      | Found Oleoz's Armour Shop.
  7731 | D:6      | Found the ring of the Octopus King
  7738 | D:6      | Identified a ring of the Octopus King {MP+9 AC+1 EV+1 Str+1
                  | Int+1 Dex+1}
  7742 | D:6      | Found Apyl's Magic Scroll Shoppe.
  7749 | D:6      | Reached XP level 9. HP: 61/61 MP: 4/12
  7756 | D:6      | Reached skill level 6 in Unarmed Combat
  7862 | D:6      | Bought a scroll of fear for 42 gold pieces
  7862 | D:6      | Bought a scroll of magic mapping for 42 gold pieces
  7930 | D:6      | Found a shadowy altar of Dithmenos.
  8410 | D:6      | Found a broken altar of Ashenzari.
  8410 | D:6      | Found a sacrificial altar of Ru.
  8952 | D:6      | Found Itaixke's Book Shop.
  9152 | D:7      | Found a burning altar of Makhleb.
  9324 | D:7      | Found Zoaxkah's Book Boutique.
  9441 | D:7      | Noticed a kobold demonologist
  9455 | D:7      | Killed a kobold demonologist
  9456 | D:7      | Reached skill level 7 in Unarmed Combat
  9459 | D:7      | Noticed a kobold demonologist
  9471 | D:7      | Noticed a rust devil
  9474 | D:7      | Killed a kobold demonologist
  9475 | D:7      | Reached XP level 10. HP: 66/68 MP: 14/14
  9665 | D:7      | Found a staircase to the Ecumenical Temple.
  9678 | D:7      | Found a hide-covered altar of Uskayaw.
  9695 | Temple   | Entered the Ecumenical Temple
 10497 | D:7      | Found a stormy altar of Qazlal.
 10637 | D:7      | Found Xorrouni's Self-Improvement Boutique.
 10717 | D:7      | Noticed a purple ugly thing
 10748 | D:7      | Killed a purple ugly thing
 10755 | D:7      | Reached skill level 8 in Unarmed Combat
 11521 | D:8      | Noticed Erica
 11871 | D:8      | Noticed Psyche
 12243 | D:9      | Killed Psyche
 12270 | D:8      | Killed from afar by Erica

Illustrated notes

Levels and vault maps discovered:
D:1:      dpeg_arrival_rooms_c, layout_rooms,
          hellmonk_ecumenical_altar_arch_garden
D:2:      layout_rooms
D:3:      layout_loops_corners, portal_sewer_entry_a
D:4:      layout_cave_pools, vehumet_crystals, serial_shops,
          nicolae_inconvenience_store, serial_forest,
          infiniplex_forest_lined_room_2, infiniplex_forest_clump_long,
          infiniplex_forest_clump_medium, infiniplex_forest_clump_double,
          infiniplex_forest_straight_4, infiniplex_forest_clump_small,
          chequers_serial_rivers_small_3
D:5:      layout_rooms, nemelex_spade_bored_becter
D:6:      layout_loops_corners, nicolae_dithmenos_the_darkroom,
          jmf_multi_god_temple, serial_shops, nicolae_square_shop,
          nicolae_shop_hallway_plus, shop, shop, nicolae_shop_advertising_works
          [nicolae_subvault_shop_adworks], kennysheep_diamond
D:7:      layout_basic, general_overflow_altar,
          nicolae_qazlal_scattered_showers, makhleb_heckhound_becter,
          minmay_temple_entry_large_hall, serial_shops, nicolae_square_shop,
          nicolae_shop_self_help
D:8:      layout_loops_ring, uniq_psyche, uniq_erica
D:9:      layout_basic, nicolae_overflow_hidden_temple, orc_0_dummy,
          st_stairs_10
Temple:   jpeg_temple_island

Skill      XL: |  1  2  3  4  5  6  7  8  9 10 |
---------------+-------------------------------+-----
Stealth        | 2 3 4 |  4.0
Fighting       | 2 3 4 5 6 |  6.7
Unarmed Combat | 4 5 7 8 |  8.2
Ice Magic      | 2 3 5 6 |  6.6
Transmutations | 3 4 5 7 |  7.9
Spellcasting   | 3 |  3.6
Dodging        | |  2.0

Action                   |  1- 3 |  4- 6 |  7- 9 | 10-12 || total
-------------------------+-------+-------+-------+-------++-------
Melee: Unarmed           |    80 |   148 |   232 |    83 ||   543
       Constrict         |    18 |    25 |    11 |     1 ||    55
       Tentacles         |    15 |    19 |     6 |     1 ||    41
       Punch             |     1 |     3 |       |       ||     4
       Short sword       |       |     3 |       |       ||     3
 Cast: Spider Form       |       |     4 |     2 |     3 ||     9
       Ice Form          |       |       |    27 |    11 ||    38
  Use: Scroll            |       |    14 |     3 |       ||    17
       Potion            |       |     1 |     5 |     1 ||     7
 Stab: Sleeping          |     8 |    15 |     2 |       ||    25
       Distracted        |       |     1 |       |       ||     1
Armor: Skin              |     7 |     4 |    73 |    30 ||   114
Dodge: Dodged            |    58 |    63 |   109 |    44 ||   274

Table legend: (Time is in decaauts)
 A = Elapsed time spent in this place.
 B = Non-inter-level travel time spent in this place.
 C = Inter-level travel time spent in this place.
 D = Time resting spent in this place.
 E = Time spent auto-exploring this place.
 F = Levels seen in this place.
 G = Mean time per level.
                   A        B        C        D        E       F      G
               +--------+--------+--------+--------+--------+-----+--------+
         Total |  12219 |  11981 |    238 |   5064 |   4983 |  11 | 1110.8 |
       Dungeon |  10677 |  10457 |    220 |   4292 |   4413 |   9 | 1186.3 |
        Temple |    677 |    659 |     18 |    232 |    408 |   1 |  677.0 |
         Sewer |    864 |    864 |      0 |    540 |    162 |   1 |  864.0 |
               +--------+--------+--------+--------+--------+-----+--------+

Top non-repeatable levels by time:
     D:4: 2025 daAuts
     D:7: 1551 daAuts
     D:3: 1527 daAuts
     D:6: 1477 daAuts
     D:1: 1392 daAuts
     D:5: 1225 daAuts
   Sewer: 864 daAuts
  Temple: 677 daAuts
     D:9: 654 daAuts
     D:2: 512 daAuts
     D:8: 311 daAuts
